HSSL
NEWPORT NEWS HS PAINTS @ TULSA HS AS
04/01/2029
 
TOP OF THE 1ST
Newport News HS Paints batting - Pitching for Tulsa HS As : RHP Al Harrison
Pitching: RHP Al Harrison
Batting: RHB John Graham 0-0: Called Strike
0-1: Called Strike
0-2: Foul Ball, location: 2F
0-2: Ball
1-2: Ball
2-2: Strikes out swinging
Batting: RHB Pete Clark 0-0: Ball
1-0: Called Strike
1-1: Foul Ball, location: 2F
1-2: Strikes out looking
Batting: RHB Steve Cooper 0-0: SINGLE (Line Drive, 6D)
Batting: SHB Carlos Matos 0-0: Ball
1-0: Ball
2-0: Called Strike
2-1: Foul Ball, location: 2F
2-2: Strikes out swinging
Top of the 1st over - 0 runs, 1 hit, 0 errors, 1 left on base; Newport News HS 0 - Tulsa HS 0
BOTTOM OF THE 1ST
Tulsa HS As batting - Pitching for Newport News HS Paints : RHP Pat Ruíz
Pitching: RHP Pat Ruíz
Batting: RHB Grant Kelly 0-0: Called Strike
0-1: Ball
1-1: Swinging Strike
1-2: Ball
2-2: Foul Ball, location: 2F
2-2: Ball
3-2: Base on Balls
Batting: LHB Dave Leclair 0-0: Called Strike
0-1: Swinging Strike
0-2: Ball
Wild Pitch!
Grant Kelly to second
1-2: Strikes out looking
Batting: RHB Ralph Young 0-0: Ball
1-0: Foul Ball, location: 2F
1-1: Ball
2-1: Foul Ball, location: 2F
2-2: Reaches on Catchers interference
Batting: SHB José Hernández 0-0: Called Strike
0-1: Foul Ball, location: 2F
0-2: Strikes out looking
Batting: LHB Mark Wheeler 0-0: Reached on error, E9 (Flyball, 9)
Grant Kelly scores
Ralph Young to third
Batting: LHB Tim Black 0-0: Called Strike
0-1: Ball
1-1: Called Strike
1-2: Strikes out swinging
Bottom of the 1st over - 1 run, 0 hits, 2 errors, 2 left on base; Newport News HS 0 - Tulsa HS 1
TOP OF THE 2ND
Newport News HS Paints batting - Pitching for Tulsa HS As : RHP Al Harrison
Batting: LHB Juan Ángel 0-0: Ball
1-0: Foul Ball, location: 2F
1-1: Called Strike
1-2: Strikes out swinging
Batting: RHB James Calderón 0-0: Called Strike
0-1: Foul Ball, location: 2F
0-2: Ball
1-2: Foul Ball, location: 2F
1-2: Ball
2-2: Ball
3-2: Strikes out looking
Batting: RHB Todd McDaniel 0-0: Foul Ball, location: 2F
0-1: Ball
1-1: Ball
2-1: Foul Ball, location: 2F
2-2: Strikes out swinging
Top of the 2nd over - 0 runs, 0 hits, 0 errors, 0 left on base; Newport News HS 0 - Tulsa HS 1
BOTTOM OF THE 2ND
Tulsa HS As batting - Pitching for Newport News HS Paints : RHP Pat Ruíz
Batting: LHB Chris Smith 0-0: Called Strike
0-1: Called Strike
0-2: Foul Ball, location: 2F
0-2: Foul Ball, location: 2F
0-2: Ball
1-2: Ball
2-2: Strikes out looking
Batting: RHB Ricky Thomas 0-0: Ball
1-0: SINGLE (Groundball, 4S) (infield hit)
Batting: LHB Matt Clark 0-0: Ball
1-0: Called Strike
1-1: Ball
2-1: Called Strike
2-2: SINGLE (Line Drive, 8LS)
Ricky Thomas to second
Batting: RHB Grant Kelly 0-0: Foul Ball, location: 2F
0-1: Foul Ball, location: 2F
0-2: Reached on error, E3 (Groundball, 34S)
Ricky Thomas to third
Matt Clark to second
Batting: LHB Dave Leclair 0-0: Ball
1-0: Ball
2-0: Ball
3-0: Base on Balls
Ricky Thomas scores
Matt Clark to third
Grant Kelly to second
Batting: RHB Ralph Young 0-0: Ball
1-0: Ball
2-0: Foul Ball, location: 2F
2-1: DOUBLE (Line Drive, 8RD)
Matt Clark scores
Grant Kelly scores
Dave Leclair to third
Batting: SHB José Hernández 0-0: Ball
1-0: Ball
2-0: Called Strike
2-1: Swinging Strike
2-2: Foul Ball, location: 2F
2-2: Strikes out swinging
Batting: LHB Mark Wheeler 0-0: Called Strike
0-1: Called Strike
0-2: Foul Ball, location: 2F
0-2: Fly out, F6 (Popup, 6)
Bottom of the 2nd over - 3 runs, 3 hits, 1 error, 2 left on base; Newport News HS 0 - Tulsa HS 4
TOP OF THE 3RD
Newport News HS Paints batting - Pitching for Tulsa HS As : RHP Al Harrison
Batting: SHB Francisco Reyes 0-0: Called Strike
0-1: Swinging Strike
0-2: Strikes out swinging
Batting: RHB Jorge Paredes 0-0: Ball
1-0: Ball
2-0: Swinging Strike
2-1: Swinging Strike
2-2: Foul Ball, location: 2F
2-2: Strikes out swinging
Batting: RHB John Graham 0-0: Ball
1-0: Foul Ball, location: 2F
1-1: Foul Ball, location: 2F
1-2: Foul Ball, location: 2F
1-2: Strikes out swinging
Top of the 3rd over - 0 runs, 0 hits, 0 errors, 0 left on base; Newport News HS 0 - Tulsa HS 4
BOTTOM OF THE 3RD
Tulsa HS As batting - Pitching for Newport News HS Paints : RHP Pat Ruíz
Batting: LHB Tim Black 0-0: Foul Ball, location: 2F
0-1: Foul Ball, location: 2F
0-2: Strikes out looking
Batting: LHB Chris Smith 0-0: Ball
1-0: Ball
2-0: Ball
3-0: Base on Balls
Batting: RHB Ricky Thomas 0-0: Called Strike
0-1: DOUBLE (Line Drive, 7LM)
Chris Smith to third
Batting: LHB Matt Clark 0-0: Ball
1-0: Called Strike
1-1: Fly out, F8 (Flyball, 8RM)
Runner from 3rd tags up, SCORES, throw made
Batting: RHB Grant Kelly 0-0: Ball
1-0: Swinging Strike
1-1: Swinging Strike
1-2: Ground out 6-3 (Groundball, 56)
Bottom of the 3rd over - 1 run, 1 hit, 0 errors, 1 left on base; Newport News HS 0 - Tulsa HS 5
TOP OF THE 4TH
Newport News HS Paints batting - Pitching for Tulsa HS As : RHP Al Harrison
Batting: RHB Pete Clark 0-0: Ball
1-0: Swinging Strike
1-1: Called Strike
1-2: Foul Ball, location: 2F
1-2: Strikes out swinging
Batting: RHB Steve Cooper 0-0: Ball
1-0: Ball
2-0: Ball
3-0: Called Strike
3-1: Base on Balls
Batting: SHB Carlos Matos 0-0: Foul Ball, location: 2F
0-1: Called Strike
0-2: Foul Ball, location: 2F
0-2: Ball
1-2: Grounds into double play, 4-6-3 (Groundball, 4)
Top of the 4th over - 0 runs, 0 hits, 0 errors, 0 left on base; Newport News HS 0 - Tulsa HS 5
BOTTOM OF THE 4TH
Tulsa HS As batting - Pitching for Newport News HS Paints : RHP Pat Ruíz
Batting: LHB Dave Leclair 0-0: Ball
1-0: Called Strike
1-1: Ball
2-1: Reached on error, E3 (Groundball, 34S)
Batting: RHB Ralph Young 0-0: Called Strike
0-1: Ball
1-1: Ball
2-1: Called Strike
2-2: Ball
3-2: Foul Ball, location: 2F
3-2: Foul Ball, location: 2F
3-2: Fly out, F8 (Flyball, 8LM)
Pitching: RHP Roland Johns
Batting: SHB José Hernández 0-0: Called Strike
0-1: Ball
1-1: Called Strike
1-2: Foul Ball, location: 2F
1-2: Strikes out swinging
Batting: LHB Mark Wheeler 0-0: SINGLE (Flyball, 9LS)
Dave Leclair to second
Runner from 2nd tries for 3rd, SAFE, throw made to third
Batting: LHB Tim Black 0-0: Ball
1-0: Ball
2-0: Called Strike
2-1: Ball
3-1: Base on Balls
Mark Wheeler to second
Batting: LHB Chris Smith 0-0: Ball
1-0: Ball
2-0: Called Strike
2-1: Ball
3-1: Base on Balls
Dave Leclair scores
Mark Wheeler to third
Tim Black to second
Batting: RHB Ricky Thomas 0-0: Ball
1-0: Called Strike
1-1: Ground out U3 (Groundball, 3S)
Bottom of the 4th over - 1 run, 1 hit, 1 error, 3 left on base; Newport News HS 0 - Tulsa HS 6
TOP OF THE 5TH
Newport News HS Paints batting - Pitching for Tulsa HS As : RHP Al Harrison
Batting: LHB Juan Ángel 0-0: Called Strike
0-1: Ball
1-1: Foul Ball, location: 2F
1-2: Ball
2-2: Strikes out swinging
Batting: RHB James Calderón 0-0: Called Strike
0-1: Foul Ball, location: 2F
0-2: Ground out U3 (Groundball, 3S)
Batting: RHB Todd McDaniel 0-0: Called Strike
0-1: Ball
1-1: Ball
2-1: SINGLE (Groundball, 4D)
Batting: SHB Francisco Reyes 0-0: Ball
1-0: Ball
2-0: Called Strike
2-1: Called Strike
2-2: Foul Ball, location: 2F
2-2: Ball
3-2: Strikes out swinging
Top of the 5th over - 0 runs, 1 hit, 0 errors, 1 left on base; Newport News HS 0 - Tulsa HS 6
BOTTOM OF THE 5TH
Tulsa HS As batting - Pitching for Newport News HS Paints : RHP Roland Johns
Batting: LHB Matt Clark 0-0: Ball
1-0: Foul Ball, location: 2F
1-1: SINGLE (Line Drive, 89M)
Batting: RHB Grant Kelly 0-0: Ball
1-0: Ball
2-0: Called Strike
2-1: Ball
3-1: Fly out, F7 (Flyball, 7S)
Pitching: RHP David Alomar
Batting: LHB Dave Leclair 0-0: Called Strike
0-1: Swinging Strike
0-2: Ball
1-2: Strikes out swinging
Batting: RHB Ralph Young 0-0: Ground out 4-3 (Groundball, 4)
Bottom of the 5th over - 0 runs, 1 hit, 0 errors, 1 left on base; Newport News HS 0 - Tulsa HS 6
TOP OF THE 6TH
Newport News HS Paints batting - Pitching for Tulsa HS As : RHP Al Harrison
Pitching: RHP William Phillips
Batting: RHB Jorge Paredes 0-0: Called Strike
0-1: Foul Ball, location: 2F
0-2: Foul Ball, location: 2F
0-2: Ball
1-2: Strikes out looking
Batting: RHB John Graham 0-0: Called Strike
0-1: Ball
1-1: Swinging Strike
1-2: Ground out 4-3 (Groundball, 4)
Batting: RHB Pete Clark 0-0: Ball
1-0: Foul Ball, location: 2F
1-1: Swinging Strike
1-2: Ball
2-2: Strikes out swinging
Top of the 6th over - 0 runs, 0 hits, 0 errors, 0 left on base; Newport News HS 0 - Tulsa HS 6
BOTTOM OF THE 6TH
Tulsa HS As batting - Pitching for Newport News HS Paints : RHP David Alomar
Batting: SHB José Hernández 0-0: Swinging Strike
0-1: Ball
1-1: Ball
2-1: Ball
3-1: DOUBLE (Groundball, 3L)
Batting: LHB Mark Wheeler 0-0: Called Strike
0-1: Ball
1-1: Fly out, F9 (Flyball, 9)
Batting: LHB Tim Black 0-0: Called Strike
0-1: Foul Ball, location: 2F
0-2: Ball
1-2: Ground out 4-3 (Groundball, 4)
José Hernández to third
Batting: LHB Chris Smith 0-0: SINGLE (Line Drive, 4)
José Hernández scores
Batting: RHB Ricky Thomas 0-0: Ball
1-0: 2-RUN HOME RUN (Flyball, 7D), Distance : 383 ft
Batting: LHB Matt Clark 0-0: Called Strike
0-1: Called Strike
0-2: Foul Ball, location: 2F
0-2: Strikes out swinging
Bottom of the 6th over - 3 runs, 3 hits, 0 errors, 0 left on base; Newport News HS 0 - Tulsa HS 9
TOP OF THE 7TH
Newport News HS Paints batting - Pitching for Tulsa HS As : RHP William Phillips
Batting: RHB Steve Cooper 0-0: Ball
1-0: Fly out, F8 (Flyball, 89D)
Batting: SHB Carlos Matos 0-0: Ball
1-0: Called Strike
1-1: Ball
2-1: Swinging Strike
2-2: Ground out 4-3 (Groundball, 4)
Batting: LHB Juan Ángel 0-0: Ball
1-0: Foul Ball, location: 2F
1-1: Ball
2-1: Foul Ball, location: 2F
2-2: Ball
3-2: Foul Ball, location: 2F
3-2: Ground out U3 (Groundball, 34)
Top of the 7th over - 0 runs, 0 hits, 0 errors, 0 left on base; Newport News HS 0 - Tulsa HS 9
BOTTOM OF THE 7TH
Tulsa HS As batting - Pitching for Newport News HS Paints : RHP David Alomar
Batting: RHB Grant Kelly 0-0: Called Strike
0-1: Foul Ball, location: 2F
0-2: Ball
1-2: Foul Ball, location: 2F
1-2: Foul Ball, location: 2F
1-2: Foul Ball, location: 2F
1-2: Ball
2-2: Fly out, F9 (Flyball, 9LMF)
Batting: LHB Dave Leclair 0-0: Swinging Strike
0-1: Fly out, F2 (Popup, 2LF)
Batting: RHB Ralph Young 0-0: Ball
1-0: Ball
2-0: Fly out, F4 (Line Drive, 34)
Bottom of the 7th over - 0 runs, 0 hits, 0 errors, 0 left on base; Newport News HS 0 - Tulsa HS 9
TOP OF THE 8TH
Newport News HS Paints batting - Pitching for Tulsa HS As : RHP William Phillips
Now at 1B: C.J. Pinnock
Batting: RHB James Calderón 0-0: Swinging Strike
0-1: Ball
1-1: Swinging Strike
1-2: Ball
2-2: Ball
3-2: Base on Balls
Batting: RHB Todd McDaniel 0-0: Called Strike
0-1: Fly out, F5 (Popup, 5SF)
Batting: SHB Francisco Reyes 0-0: Foul Ball, location: 2F
0-1: Fielders Choice at 2nd, 4-6 (Groundball, 4)
Batting: RHB Jorge Paredes 0-0: Ball
1-0: Called Strike
1-1: Ball
2-1: Ball
3-1: Foul Ball, location: 2F
3-2: Foul Ball, location: 2F
3-2: Foul Ball, location: 2F
3-2: Foul Ball, location: 2F
3-2: Ground out 5-3 (Groundball, 56)
Top of the 8th over - 0 runs, 0 hits, 0 errors, 1 left on base; Newport News HS 0 - Tulsa HS 9
BOTTOM OF THE 8TH
Tulsa HS As batting - Pitching for Newport News HS Paints : RHP David Alomar
Batting: SHB José Hernández 0-0: Called Strike
0-1: Swinging Strike
0-2: Ball
1-2: Foul Ball, location: 2F
1-2: Strikes out swinging
Batting: LHB Mark Wheeler 0-0: DOUBLE (Line Drive, 9D)
Batting: LHB Tim Black 0-0: Ball
Passed Ball!
Mark Wheeler to third
1-0: Foul Ball, location: 2F
1-1: Ground out 3-1 (Groundball, 34S)
Mark Wheeler scores
Batting: LHB Chris Smith 0-0: Called Strike
0-1: Ball
1-1: Called Strike
1-2: SINGLE (Line Drive, 4D)
Batting: RHB Ricky Thomas 0-0: Ground out 4-3 (Groundball, 4)
Bottom of the 8th over - 1 run, 2 hits, 0 errors, 1 left on base; Newport News HS 0 - Tulsa HS 10
TOP OF THE 9TH
Newport News HS Paints batting - Pitching for Tulsa HS As : RHP William Phillips
Now at C: Jason Becker
Now at 2B: Raúl García
Batting: RHB John Graham 0-0: Ball
1-0: Foul Ball, location: 2F
1-1: Ball
2-1: Ball
3-1: Base on Balls
Batting: RHB Pete Clark 0-0: Ball
1-0: Ball
2-0: Ball
3-0: Called Strike
3-1: Base on Balls
John Graham to second
Batting: RHB Steve Cooper 0-0: Ball
1-0: Ball
2-0: Called Strike
2-1: Foul Ball, location: 2F
2-2: Ground out 5-3 (Groundball, 56S)
John Graham to third
Pete Clark to second
Pitching: RHP Gerald Bryant
Batting: SHB Carlos Matos 0-0: Called Strike
0-1: Foul Ball, location: 2F
0-2: Ball
1-2: Ball
2-2: Ball
3-2: Foul Ball, location: 2F
3-2: Foul Ball, location: 2F
3-2: Ground out U3 (Groundball, 3L)
Batting: LHB Juan Ángel 0-0: Ball
1-0: Called Strike
1-1: Ball
2-1: Fly out, F9 (Flyball, 89D)
Top of the 9th over - 0 runs, 0 hits, 0 errors, 2 left on base; Newport News HS 0 - Tulsa HS 10
Saturday, December 16th, 2017 - OOTP Baseball 18.8 Build 76